 Dungeon Crawl Stone Soup version 0.19-a0-1922-g1e9a4c1 (webtiles) character file.

44 Psiweapon the Insei (level 3, -1/26 HPs)
             Began as a Demonspawn Transmuter on Oct 24, 2016.
             Slain by Natasha (6 damage)
             ... on level 2 of the Dungeon.
             The game lasted 00:05:40 (1686 turns).

Psiweapon the Insei (Demonspawn Transmuter)         Turns: 1686, Time: 00:05:40

Health: -1/26      AC:  3    Str: 13    XL:     3   Next: 41%
Magic:  5/6        EV: 18    Int: 14    God:
Gold:   21         SH:  0    Dex: 19    Spells: 1 memorised, 6 levels left

rFire  . . .     SeeInvis .       - Unarmed
rCold  + . .     Gourm    .     b - +0 robe
rNeg   . . .     Faith    .     (no shield)
rPois  .         Spirit   .     (no helmet)
rElec  .         Reflect  .     (no cloak)
rCorr  +         Harm     .     v - +0 pair of gloves
MR     .....                    (no boots)
Stlth  ++++......               (no amulet)
                                m - ring of resist corrosion
                                x - +3 ring of strength

@: agile, appendage (expiring)
A: horns 2, cold resistance 1, nightstalker 1
a: End Transformation


You were on level 2 of the Dungeon.
You were not hungry.
You had grown temporary horns.
You visited 1 branch of the dungeon, and saw 3 of its levels.

You collected 21 gold pieces.

Inventory:

Hand Weapons
 j - a -1 short sword
 p - a +1 hunting sling
Missiles
 a - 12 arrows
 n - 29 sling bullets
 q - 16 bolts
 s - 34 stones (quivered)
Armour
 b - a +0 robe (worn)
 v - a +0 pair of gloves (worn)
Jewellery
 e - an uncursed ring of loudness
 m - a ring of resist corrosion (right hand)
 x - a +3 ring of strength (left hand)
Scrolls
 f - a scroll of identify
 k - 2 scrolls of teleportation
 u - a scroll of blinking {unknown}
 y - a scroll of enchant weapon
Potions
 h - a potion of brilliance {unknown}
 l - a potion of heal wounds {unknown}
 o - a potion of flight {unknown}
 w - a potion of mutation {unknown}
Books
 c - a book of Changes

   Spells                             Type                      Level
   a - Beastly Appendage              Transmutation                1
   b - Sticks to Snakes               Transmutation                2
   c - Spider Form                    Transmutation/Poison         3
   d - Ice Form                       Ice/Transmutation            4
   e - Blade Hands                    Transmutation                5
Comestibles
 d - 2 bread rations
 r - a chunk of flesh
 t - a royal jelly


   Skills:
 + Level 1.0 Fighting
 + Level 0.1 Slings
 + Level 2.1 Dodging
 + Level 0.4 Stealth
 + Level 3.1 Unarmed Combat
 + Level 2.5 Spellcasting
 + Level 2.2 Transmutations


You had 6 spell levels left.
You knew the following spells:

 Your Spells              Type           Power        Failure   Level  Hunger
a - Beastly Appendage     Tmut           #.....       12%         1    #......


Dungeon Overview and Level Annotations

Branches:
Dungeon (3/15)

Altars:

Annotations:
D:2 Natasha


Innate Abilities, Weirdness & Mutations

Your flesh is cold resistant. (rC+)
You are slightly more attuned to the shadows.
You have a pair of horns on your head.


Message History

Natasha barely misses you.
You feel better. Natasha barely misses you.
It was a potion of agility.
You feel agile all of a sudden. Natasha claws you!
* * * LOW HITPOINT WARNING * * *
You hit Natasha.
Natasha is moderately wounded.
Natasha misses you.
You closely miss Natasha.
Natasha is moderately wounded.
Your transformation is almost over.
Natasha mumbles some strange words.
You hit Natasha.
Natasha is heavily wounded.
Natasha completely misses you.
You closely miss Natasha. You headbutt Natasha.
Natasha is severely wounded.
Natasha claws you.
You die...

##.# ## #... .#
#?#..####### .#
#########.#..#.....# .#
.......##.#..##.##)##.#
.......##.#..#...<....#
.....5.##%#..#######..#
......5##.#..)......<.#
..$..†gh@.....>########
.....####.###### ....
#.# ... #.# .l #+# .


You could see Natasha, a crimson imp, a white imp and a goblin.

Vanquished Creatures
  2 dart slugs (D:1)
  A leopard gecko (D:1)
  An orc (D:2)
  3 giant cockroaches (D:1)
  5 goblins (D:1)
  2 hobgoblins (D:1)
  7 jackals
  5 bats
  2 frilled lizards
  5 kobolds
  5 rats (D:1)
38 creatures vanquished.

Vanquished Creatures (others)
  4 toadstools (D:1)
4 creatures vanquished.

Grand Total: 42 creatures vanquished

Notes
Turn   | Place    | Note
-------+----------+-------------------------------------------
     0 | D:1      | Psiweapon the Demonspawn Transmuter began the quest for the Orb.
     0 | D:1      | Reached XP level 1. HP: 15/15 MP: 3/3
   543 | D:1      | Gained mutation: Your flesh is cold resistant. (rC+) [demonic ancestry]
   543 | D:1      | Reached XP level 2. HP: 17/21 MP: 3/5
   640 | D:1      | Reached skill level 3 in Unarmed Combat
  1184 | D:1      | HP: 1/21 [jackal (2)]
  1192 | D:1      | Gained mutation: You are slightly more attuned to the shadows. [demonic ancestry]
  1192 | D:1      | Reached XP level 3. HP: 15/26 MP: 4/6
  1630 | D:3      | Found a faded altar of an unknown god.
  1650 | D:2      | Noticed Natasha
  1686 | D:2      | Slain by Natasha

Vault maps used:
D:1:      ldierk_water_garden
D:2:      eino_tiny_chamber, uniq_iyjb, uniq_natasha
D:3:      lemuel_round_altar, minitemple, ecumenical_altar_2,
          minmay_stone_trees_small

Skill      XL: |  1  2 |
---------------+-------+-----
Unarmed Combat | 3 |  3.1
Dodging        | 2 |  2.1
Transmutations | 2 |  2.2
Fighting       | |  1.0
Slings         | |  0.1
Stealth        | |  0.4
Spellcasting   | |  2.5

Action                   || total
-------------------------++-------
Melee: Short sword       ||   122
       Unarmed           ||    42
       Kick              ||     8
       Headbutt          ||     8
 Fire: Hunting sling     ||     1
 Cast: Beastly Appendage ||    28
  Use: Scroll            ||     4
       Potion            ||     4
 Stab: Sleeping          ||     2
  Eat: Chunk             ||     3
Armor: Robe              ||    35
Dodge: Dodged            ||   113
